 Dungeon Crawl Stone Soup version 0.28-a0-991-g956f0ee3d5 (webtiles) character file.

Game seed: 12044529129051080337

119 demibob the Twirler (level 4, -1/33 HPs)
             Began as a Demonspawn Gladiator on Dec 5, 2021.
             Slain by an acid dragon (3 damage)
             ... on level 4 of the Dungeon.
             The game lasted 00:02:01 (2091 turns).

demibob the Twirler (Demonspawn Gladiator)          Turns: 2091, Time: 00:02:02

Health: -1/33      AC:  3    Str: 16    XL:     4   Next: 74%
Magic:  4/4        EV: 12    Int: 10    God:
Gold:   83         SH:  0    Dex: 14    Spells: 3/3 levels left

rFire   . . .      SeeInvis .   a - +0 quarterstaff
rCold   . . .      Faith    .   (shield currently unavailable)
rNeg    . . .      Spirit   .   b - +0 leather armour
rPois   .          Reflect  .   (helmet restricted)
rElec   .          Harm     .   (no cloak)
rCorr   .          Rampage  .   (no gloves)
Will    .....                   (no boots)
Stlth   +.........              (no amulet)
HPRegen 0.11/turn               (no ring)
MPRegen 0.09/turn               (no ring)

@: no status effects
A: antennae 2
a: no special abilities


You were on level 4 of the Dungeon.
You visited 1 branch of the dungeon, and saw 4 of its levels.

You collected 83 gold pieces.


Innate Abilities, Weirdness & Mutations

You have a pair of antennae on your head.


   Skills:
 - Level 2.0 Fighting
 + Level 5.0 Staves
 - Level 1.7 Throwing
 - Level 2.6 Dodging


You had 3 spell levels left.
You didn't know any spells.
Your spell library contained the following spells:

 Spells                   Type           Power      Damage    Failure   Level
 Sandblast                Erth           0%         2d4       43%         1
 Passwall                 Tmut/Erth      0%         N/A       56%         2
 Stone Arrow              Conj/Erth      0%         3d7       80%         3

Inventory:

Hand Weapons
 a - a +0 quarterstaff (weapon)
Missiles
 d - 3 throwing nets (quivered) {=f}
Armour
 b - a +0 leather armour (worn)
 c - a +0 helmet
Magical Staves
 j - a staff of poison {!a}
Scrolls
 i - a scroll of teleportation {unknown}
Potions
 e - a potion of flight {unknown}
 f - a potion of degeneration {unknown}
 g - 2 potions of lignification
 h - a potion of curing {unknown}
 k - a potion of magic {unknown}

Dungeon Overview and Level Annotations

Branches:
Dungeon (4/15)
 Temple: D:4-7

Altars:
Elyvilon
Zin

Annotations:
D:3 1 runed translucent door, Crazy Yiuf

..........
........D .#
......... #.#
......... #..#
#.......# {..#
#......# ..Z
#....D#####.# {
#....@l..รท.#
#..........# #
######....## #####
###..## ##....
##..######.....
##.......#.....
#..................
#..........<.##)..#
.##.........####..#


You could see an acid dragon (catching breath) and an iguana.


Message History

You barely miss the howler monkey skeleton.
The howler monkey skeleton is almost destroyed.
The howler monkey skeleton hits you.
* * * LOW HITPOINT WARNING * * *
You thump the howler monkey skeleton!
You destroy the howler monkey skeleton!
Your Staves skill increases to level 5!
You start resting.
HP restored.
An acid dragon comes into view.
The acid dragon roars!
You aren't carrying any items that you can evoke.
You start waiting.
An iguana comes into view.
Okay, then.
You completely miss the acid dragon. The acid dragon spits acid at you.
The splash of acid hits you!
You hear a howl!
You hear a croak.
You completely miss the acid dragon. The acid dragon bites you.
* * * LOW HITPOINT WARNING * * *
The acid dragon claws you.
* * * LOW HITPOINT WARNING * * *
You barely miss the acid dragon. The acid dragon closely misses you.
The acid dragon claws you.
* * * LOW HITPOINT WARNING * * *
You barely miss the acid dragon. The iguana bites you.
* * * LOW HITPOINT WARNING * * *
The acid dragon bites you.
You die...

Skill      XL: |  1  2  3  4 |
---------------+-------------+-----
Staves         | 3 4 5 |  5.0
Fighting       | |  2.0
Throwing       | |  1.7
Dodging        | |  2.6

Action                   |  1- 3 |  4- 6 || total
-------------------------+-------+-------++-------
Melee: Quarterstaff      |    82 |    47 ||   129
  Use: Scroll            |       |     2 ||     2
 Stab: Sleeping          |     2 |     1 ||     3
Armor: Leather armour    |    44 |     3 ||    47
Dodge: Dodged            |    58 |    20 ||    78

Levels and vault maps discovered:
D:1:      dpeg_arrival_court, layout_loops_ring, serial_shops,
          nicolae_square_shop, minmay_pentomino_z2
D:2:      layout_rooms, shapermc_ecumenical_altar_totnotflames, basic_altar,
          minmay_box_of_dots
D:3:      layout_basic, elyvilon_altar_1, uniq_crazy_yiuf_cottage
D:4:      layout_layer_cave

Notes
Turn   | Place    | Note
-------+----------+-------------------------------------------
     0 | D:1      | demibob the Demonspawn Gladiator began the quest for the
                  | Orb.
     0 | D:1      | Reached XP level 1. HP: 16/16 MP: 1/1
    68 | D:1      | You fall into a shaft and drop 1 floor!
    70 | D:2      | Found a faded altar of an unknown god.
    91 | D:2      | Reached skill level 3 in Staves
   183 | D:2      | Gained mutation: You have a pair of small antennae on your
                  | head. [demonic ancestry]
   183 | D:2      | Reached XP level 2. HP: 22/22 MP: 2/2
   949 | D:3      | Reached skill level 4 in Staves
   949 | D:3      | Gained mutation: You have a pair of antennae on your head.
                  | [demonic ancestry]
   949 | D:3      | Reached XP level 3. HP: 27/27 MP: 3/3
  1155 | D:3      | Reached XP level 4. HP: 25/33 MP: 4/4
  1543 | D:3      | Found a runed translucent door.
  1544 | D:3      | Noticed Crazy Yiuf
  1905 | D:4      | Reached skill level 5 in Staves
  2082 | D:4      | Noticed an acid dragon
  2091 | D:4      | HP: 2/33 [iguana (6)]
  2091 | D:4      | Slain by an acid dragon

Vanquished Creatures
  A centaur skeleton (D:3)
  A howler monkey skeleton (D:4)
  2 adders
  2 worms (D:2)
  3 dart slugs
  5 orcs (D:3)
  4 endoplasms
  A giant cockroach (D:2)
  3 goblins
  5 hobgoblins
  2 kobolds
  2 quokkas
  5 ball pythons
  5 bats
  A rat (D:3)
42 creatures vanquished.

Table legend: (Time is in decaauts)
 A = Elapsed time spent in this place.
 B = Non-inter-level travel time spent in this place.
 C = Inter-level travel time spent in this place.
 D = Time resting spent in this place.
 E = Time spent auto-exploring this place.
 F = Levels seen in this place.
 G = Mean time per level.
                   A        B        C        D        E       F      G
               +--------+--------+--------+--------+--------+-----+--------+
         Total |   2103 |   2059 |     44 |    223 |   1515 |   4 |  525.8 |
       Dungeon |   2103 |   2059 |     44 |    223 |   1515 |   4 |  525.8 |
               +--------+--------+--------+--------+--------+-----+--------+

Top non-repeatable levels by time:
     D:3: 950 daAuts
     D:2: 730 daAuts
     D:4: 354 daAuts
     D:1: 68 daAuts

Table legend:
 A = Non-vault XP
 B = Vault XP
 C = Vault XP percentage of total XP
 D = Non-vault monster count
 E = Vault monster count
 F = Vault count percentage of total count
                 A         B        C        D         E       F
            +---------+---------+-------+---------+---------+-------
      Total |     166 |       5 |   2.9 |      41 |       1 |   2.4
            +---------+---------+-------+---------+---------+-------
        D:1 |       2 |       0 |   0.0 |       1 |       0 |   0.0
        D:2 |      27 |       5 |  15.6 |      13 |       1 |   7.1
        D:3 |     104 |       0 |   0.0 |      22 |       0 |   0.0
        D:4 |      33 |       0 |   0.0 |       5 |       0 |   0.0
            +---------+---------+-------+---------+---------+-------
